Atomiques vs Patriotes
Created - 11 février 2017 at 00:13
Goals
|
| Atomiques |
2 |
3 |
1 |
6 |
| Patriotes |
0 |
4 |
4 |
8 |
|
Shots
|
| Atomiques |
10 |
11 |
10 |
31 |
| Patriotes |
11 |
15 |
13 |
39 |
|
1st period
1. Atomiques , Kenndal McArdle 22 (Davis Drewiske) at 10:18
2. Atomiques , Alex Berry 11 (Marc-André Cliche) at 16:33
Penalties :
Austin Watson (Nyc) for Hooking (Minor) at 6:00, Davis Drewiske (STB) for Roughing (Minor) at 14:03, Tomas Kurka (Nyc) for Holding (Minor) at 17:20
2nd period
3. Patriotes , Mattias Weinhandl 22 (Zenon Konopka, Fedor Fedorov) at 0:54
4. Atomiques , Dwight King 17 (Mikael Backlund, Roman Polak) at 3:09
5. Patriotes , Tomas Kurka 14 (Christian Hanson) at 3:33 (PP)
6. Patriotes , Zenon Konopka 13 (Mattias Weinhandl, Fedor Fedorov) at 5:23
7. Patriotes , Tomas Kurka 15 (Barry Tallackson, Christian Hanson) at 5:37
8. Atomiques , Shawn Belle 4 (Ryan Shannon, Kenndal McArdle) at 10:28 (PP)
9. Atomiques , Branko Radivojevic 27 (Dwight King) at 19:39
Penalties :
Dwight King (STB) for Boarding (Minor) at 3:32, Mattias Weinhandl (Nyc) for Hooking (Minor) at 9:49, Dwight King (STB) for Tripping (Minor) at 17:25
3rd period
10. Patriotes , Barry Tallackson 9 (Tomas Kurka) at 3:32 (SH)
11. Atomiques , Eric Mestery 2 (Bobby Farnham, John McCarthy) at 7:59
12. Patriotes , Lauri Tukonen 11 (Matt Calvert, Melker Karlsson) at 15:56
13. Patriotes , Fedor Fedorov 11 (Anthony Bitetto) at 16:43
14. Patriotes , Zenon Konopka 14 (Mattias Weinhandl, Robbie Russo) at 19:46 (Empty Net)
Penalties :
Fedor Fedorov (Nyc) for High sticking (Minor) at 1:59, Anthony Bitetto (Nyc) for Slashing (Minor) at 5:20
Goalie Stats
Sergei Bobrovsky (STB), 31 saves from 38 shots - (0,816), L, 18-18-3, 59:07 minutes
Marek Schwarz (Nyc), 25 saves from 31 shots - (0,806), W, 18-14-3, 60:00 minutes
Players Stats for Atomiques
Player Name G A P +/- PIM S H SB GA TA FO MP PP MP PK MP
------------------------------------------------------------------------------------
Alex Berry 1 0 1 0 0 5 1 0 1 0 0/0 10:47 0:00 0:00
Andrew Kozek 0 0 0 1 0 2 0 1 0 0 0/0 12:35 0:03 1:13
Bobby Farnham 0 1 1 1 0 1 1 0 0 0 0/0 7:01 0:00 0:00
Branko Radivojevic 1 0 1 -2 0 3 1 2 3 0 4/9 23:11 4:26 1:50
Brett Sutter 0 0 0 1 0 1 0 0 0 0 1/1 8:39 0:00 1:25
Davis Drewiske 0 1 1 -5 2 2 1 0 0 2 0/0 28:12 4:52 1:11
Dmitri Orlov 0 0 0 0 0 0 1 2 0 0 0/0 11:07 0:00 0:37
Dwight King 1 1 2 -2 4 3 0 0 0 0 0/0 21:46 4:25 0:31
Eric Mestery 1 0 1 0 0 2 0 0 0 1 0/0 11:37 0:00 0:44
John McCarthy 0 1 1 1 0 2 0 0 0 0 0/0 7:01 0:00 0:00
Kenndal McArdle 1 1 2 -1 0 1 2 0 1 0 0/0 16:33 4:04 0:00
Kyle Wharton 0 0 0 3 0 0 1 0 0 1 0/0 19:57 3:43 1:27
Marc-André Cliche 0 1 1 0 0 0 2 0 1 0 3/10 11:15 0:11 0:00
Mikael Backlund 0 1 1 -3 0 2 0 0 1 2 18/32 22:59 4:28 1:55
Roman Polak 0 1 1 3 0 2 1 0 0 0 0/0 19:57 3:43 1:27
Ryan Shannon 0 1 1 -1 0 2 2 0 0 0 0/1 16:33 4:04 0:00
Shawn Belle 1 0 1 -5 0 1 1 0 2 1 0/0 29:10 4:52 2:32
Tyler Brenner 0 0 0 -1 0 2 1 0 0 0 4/12 17:38 4:04 1:04
Players Stats for Patriotes
Player Name G A P +/- PIM S H SB GA TA FO MP PP MP PK MP
------------------------------------------------------------------------------------
Anthony Bitetto 0 1 1 0 2 1 1 2 0 0 0/0 20:07 1:52 2:34
Austin Watson 0 0 0 -2 2 0 0 0 0 1 0/0 7:04 0:00 0:00
Barry Tallackson 1 1 2 1 0 4 2 0 2 1 0/3 22:32 2:08 4:45
Christian Hanson 0 2 2 0 0 3 0 0 0 0 17/32 18:36 2:06 1:18
Fedor Fedorov 1 2 3 2 2 2 1 0 1 1 0/0 18:54 1:47 2:37
Jared Knight 0 0 0 -2 0 1 0 0 0 0 0/1 6:58 0:00 0:00
Jordie Benn 0 0 0 1 0 1 1 1 0 0 0/0 28:22 2:07 4:59
Lauri Tukonen 1 0 1 1 0 2 0 0 0 1 2/2 11:02 0:10 0:00
Matt Calvert 0 1 1 1 0 5 1 0 0 0 0/0 10:58 0:06 0:00
Mattias Weinhandl 1 2 3 2 2 5 5 1 1 0 0/0 17:15 1:47 2:09
Melker Karlsson 0 1 1 1 0 3 0 0 1 0 5/9 14:12 0:00 2:50
Mike Funk 0 0 0 0 0 0 0 1 1 2 0/0 20:52 1:52 3:25
Robbie Russo 0 1 1 1 0 0 0 0 0 1 0/0 11:07 0:00 0:32
Ryan Wilson 0 0 0 1 0 1 1 1 0 0 0/0 28:22 2:07 4:59
Stephen Johns 0 0 0 1 0 0 1 0 0 1 0/0 11:16 0:00 0:41
Tomas Kurka 2 1 3 1 2 7 2 0 1 1 4/5 21:38 2:06 3:31
Zach Budish 0 0 0 -2 0 1 2 0 0 0 0/1 6:58 0:00 0:00
Zenon Konopka 2 1 3 2 0 3 3 0 0 0 7/12 15:07 1:47 0:00
3 Stars
1 - Zenon Konopka (Nyc)
2 - Mattias Weinhandl (Nyc)
3 - Tomas Kurka (Nyc)
Power Play
Atomiques - 1 on 5 Attempt(s) - 20,00%
Patriotes - 1 on 3 Attempt(s) - 33,33%
Penalty Kill
Atomiques - 2 on 3 Attempt(s) - 66,67%
- Score 0 goal in Penalty Kill
Patriotes - 4 on 5 Attempt(s) - 80,00%
- Score 1 goal in Penalty Kill
Team Stat
Atomiques - Hits : 15 - Faceoff Wins : 30 - Blocked Shots : 5 - Penalty Minutes : 6
Patriotes - Hits : 20 - Faceoff Wins : 35 - Blocked Shots : 6 - Penalty Minutes : 10
Official
Referees : Marouelli Dan and Fraser Kerry
Linesman : Greg Devorski and Michel Cormier
Game Notes
Zenon Konopka has scored in a empty net!
Finance
Level 1 -- Attendance: 1423 (71,15%) -- Ticket Income 49 805 $
Level 2 -- Attendance: 752 (75,20%) -- Ticket Income 11 280 $
Total Attendance: 2175 (72,50%)
Total Ticket Income: 61 085 $
Other Income: 3 054 $
Total Income: 64 139 $
Atomiques
5 vs 5 Forward
Center Left Wing Right Wing Time % Phy DF OF
1 Mikael Backlund Dwight King Branko Radivojevic 40 1 2 2
2 Tyler Brenner Kenndal McArdle Ryan Shannon 30 1 2 2
3 Marc-André Cliche Andrew Kozek Alex Berry 20 1 2 2
4 Brett Sutter John McCarthy Bobby Farnham 10 1 2 2
5 vs 5 Defense
Defense Defense Time % Phy DF OF
1 Shawn Belle Davis Drewiske 40 1 2 2
2 Kyle Wharton Roman Polak 30 1 2 2
3 Dmitri Orlov Eric Mestery 20 1 2 2
4 Shawn Belle Davis Drewiske 10 1 2 2
PowerPlay Forward
Center Left Wing Right Wing Time % Phy DF OF
1 Mikael Backlund Dwight King Branko Radivojevic 60 1 2 2
2 Tyler Brenner Kenndal McArdle Ryan Shannon 40 1 2 2
PowerPlay Defense
Defense Defense Time % Phy DF OF
1 Shawn Belle Davis Drewiske 60 1 2 2
2 Kyle Wharton Roman Polak 40 1 2 2
Penalty Kill 4 Players Forward
Center Wing Time % Phy DF OF
1 Branko Radivojevic Mikael Backlund 60 1 2 2
2 Tyler Brenner Dwight King 40 1 2 2
Penalty Kill 4 Players Defense
Defense Defense Time % Phy DF OF
1 Shawn Belle Davis Drewiske 60 1 2 2
2 Kyle Wharton Roman Polak 40 1 2 2
Penalty Kill - 3 Players Forward
Forward Time % Phy DF OF
1 Branko Radivojevic 60 1 2 2
2 Mikael Backlund 40 1 2 2
Penalty Kill - 3 Players Defense
Defense Defense Time % Phy DF OF
1 Shawn Belle Davis Drewiske 60 1 2 2
2 Kyle Wharton Roman Polak 40 1 2 2
4 vs 4 Forward
Center Wing Time % Phy DF OF
1 Branko Radivojevic Mikael Backlund 60 1 2 2
2 Tyler Brenner Dwight King 40 1 2 2
4 vs 4 Defense
Defense Defense Time % Phy DF OF
1 Shawn Belle Davis Drewiske 60 1 2 2
2 Kyle Wharton Roman Polak 40 1 2 2
Last Minutes Offensive
Center Left Wing Right Wing Defense Defense
Mikael Backlund Dwight King Branko Radivojevic Shawn Belle Davis Drewiske
Last Minutes Defensive
Center Left Wing Right Wing Defense Defense
Mikael Backlund Dwight King Branko Radivojevic Shawn Belle Davis Drewiske
Goaltenders
Starting : Sergei Bobrovsky
Backup : Jeremy Smith
Extra Forwards
Normal : Marc-André Cliche, Andrew Kozek, Brett Sutter - PP : Marc-André Cliche, Andrew Kozek - PK : Brett Sutter
Extra Defensemen
Normal : Dmitri Orlov, Eric Mestery, Kyle Wharton - PP : Dmitri Orlov - PK : Eric Mestery, Kyle Wharton
Penalty Shots
Branko Radivojevic, Mikael Backlund, Tyler Brenner, Dwight King, Ryan Shannon
Patriotes
5 vs 5 Forward
Center Left Wing Right Wing Time % Phy DF OF
1 Christian Hanson Tomas Kurka Barry Tallackson 40 1 2 2
2 Zenon Konopka Fedor Fedorov Mattias Weinhandl 30 1 2 2
3 Melker Karlsson Matt Calvert Lauri Tukonen 20 1 2 2
4 Jared Knight Austin Watson Zach Budish 10 1 2 2
5 vs 5 Defense
Defense Defense Time % Phy DF OF
1 Ryan Wilson Jordie Benn 40 1 2 2
2 Anthony Bitetto Mike Funk 30 1 2 2
3 Stephen Johns Robbie Russo 20 1 2 2
4 Ryan Wilson Jordie Benn 10 1 2 2
PowerPlay Forward
Center Left Wing Right Wing Time % Phy DF OF
1 Christian Hanson Tomas Kurka Barry Tallackson 60 1 2 2
2 Zenon Konopka Fedor Fedorov Mattias Weinhandl 40 1 2 2
PowerPlay Defense
Defense Defense Time % Phy DF OF
1 Ryan Wilson Jordie Benn 60 1 2 2
2 Anthony Bitetto Mike Funk 40 1 2 2
Penalty Kill 4 Players Forward
Center Wing Time % Phy DF OF
1 Tomas Kurka Barry Tallackson 60 1 2 2
2 Mattias Weinhandl Fedor Fedorov 40 1 2 2
Penalty Kill 4 Players Defense
Defense Defense Time % Phy DF OF
1 Ryan Wilson Jordie Benn 60 1 2 2
2 Anthony Bitetto Mike Funk 40 1 2 2
Penalty Kill - 3 Players Forward
Forward Time % Phy DF OF
1 Tomas Kurka 60 1 2 2
2 Barry Tallackson 40 1 2 2
Penalty Kill - 3 Players Defense
Defense Defense Time % Phy DF OF
1 Ryan Wilson Jordie Benn 60 1 2 2
2 Anthony Bitetto Mike Funk 40 1 2 2
4 vs 4 Forward
Center Wing Time % Phy DF OF
1 Tomas Kurka Barry Tallackson 60 1 2 2
2 Mattias Weinhandl Fedor Fedorov 40 1 2 2
4 vs 4 Defense
Defense Defense Time % Phy DF OF
1 Ryan Wilson Jordie Benn 60 1 2 2
2 Anthony Bitetto Mike Funk 40 1 2 2
Last Minutes Offensive
Center Left Wing Right Wing Defense Defense
Christian Hanson Tomas Kurka Barry Tallackson Ryan Wilson Jordie Benn
Last Minutes Defensive
Center Left Wing Right Wing Defense Defense
Christian Hanson Tomas Kurka Barry Tallackson Ryan Wilson Jordie Benn
Goaltenders
Starting : Marek Schwarz
Backup : Jason Missiaen
Extra Forwards
Normal : Lauri Tukonen, Matt Calvert, Melker Karlsson - PP : Lauri Tukonen, Matt Calvert - PK : Melker Karlsson
Extra Defensemen
Normal : Stephen Johns, Robbie Russo, Anthony Bitetto - PP : Stephen Johns - PK : Robbie Russo, Anthony Bitetto
Penalty Shots
Tomas Kurka, Barry Tallackson, Mattias Weinhandl, Fedor Fedorov, Christian Hanson
% Time on Ice - Atomiques
Lines # - Real PCT - Wanted PCT - Time Play
Normal Forward
1 - 35% - 40% - 16:10
2 - 27% - 30% - 12:30
3 - 23% - 20% - 10:47
4 - 15% - 10% - 7:01
Normal Defense
1 - 41% - 40% - 19:14
2 - 32% - 30% - 14:47
3 - 23% - 20% - 10:30
4 - 4% - 10% - 1:57
PP Forward
1 - 53% - 60% - 4:31
2 - 47% - 40% - 4:04
PP Defense
1 - 57% - 60% - 4:52
2 - 43% - 40% - 3:43
PK Forward
1 - 73% - 60% - 2:55
2 - 27% - 40% - 1:04
PK Defense
1 - 64% - 60% - 2:32
2 - 36% - 40% - 1:27
PK3 Forward
1 - 0% - 60%
2 - 0% - 40%
PK3 Defense
1 - 0% - 60%
2 - 0% - 40%
44 Forward
1 - 0% - 60%
2 - 0% - 40%
44 Defense
1 - 0% - 60%
2 - 0% - 40%
Last Minute Offensive - 0:58
Last Minute Defensive - 0:00
Total
Forward - 60:00
Defense - 60:00
|
% Time on Ice - Patriotes
Lines # - Real PCT - Wanted PCT - Time Play
Normal Forward
1 - 35% - 40% - 16:33
2 - 29% - 30% - 13:33
3 - 22% - 20% - 10:22
4 - 15% - 10% - 6:58
Normal Defense
1 - 41% - 40% - 19:36
2 - 33% - 30% - 15:51
3 - 22% - 20% - 10:19
4 - 4% - 10% - 1:40
PP Forward
1 - 55% - 60% - 2:12
2 - 45% - 40% - 1:47
PP Defense
1 - 53% - 60% - 2:07
2 - 47% - 40% - 1:52
PK Forward
1 - 73% - 60% - 6:14
2 - 27% - 40% - 2:21
PK Defense
1 - 58% - 60% - 4:59
2 - 42% - 40% - 3:36
PK3 Forward
1 - 0% - 60%
2 - 0% - 40%
PK3 Defense
1 - 0% - 60%
2 - 0% - 40%
44 Forward
1 - 0% - 60%
2 - 0% - 40%
44 Defense
1 - 0% - 60%
2 - 0% - 40%
Last Minute Offensive - 0:00
Last Minute Defensive - 0:00
Total
Forward - 60:00
Defense - 60:00
|
Play by Play
1st period
0:01 of 1st period - Mikael Backlund wins face-off versus Christian Hanson in neutral zone.
0:26 of 1st period - Davis Drewiske is hit by Zenon Konopka and loses puck.
0:41 of 1st period - Davis Drewiske is hit by Zenon Konopka and loses puck.
1:14 of 1st period - Kyle Wharton is hit by Zach Budish and loses puck.
1:35 of 1st period - Tomas Kurka is hit by Branko Radivojevic and loses puck.
2:18 of 1st period - Stephen Johns is hit by Kenndal McArdle and loses puck.
3:44 of 1st period - Wrist shot by Alex Berry.
3:44 of 1st period - Stopped by Marek Schwarz with a rebound.
3:46 of 1st period - Snap shot by Davis Drewiske.
3:46 of 1st period - Stopped by Marek Schwarz with a rebound.
3:48 of 1st period - Slapshot by Davis Drewiske.
3:48 of 1st period - Shot Misses the Net.
3:52 of 1st period - Snap shot by Tyler Brenner.
3:52 of 1st period - Shot Misses the Net.
4:04 of 1st period - Snap shot by Zach Budish.
4:04 of 1st period - Stopped by Sergei Bobrovsky with a rebound.
5:01 of 1st period - Anthony Bitetto is hit by Marc-André Cliche and loses puck.
5:14 of 1st period - Snap shot by Alex Berry.
5:14 of 1st period - Stopped by Marek Schwarz with a rebound.
5:27 of 1st period - Eric Mestery is hit by Tomas Kurka and loses puck.
5:32 of 1st period - Wrist shot by Barry Tallackson.
5:32 of 1st period - Shot Blocked by Dmitri Orlov.
5:48 of 1st period - Snap shot by Brett Sutter.
5:48 of 1st period - Stopped by Marek Schwarz with a rebound.
5:50 of 1st period - Slapshot by John McCarthy.
5:50 of 1st period - Stopped by Marek Schwarz with a rebound.
6:00 of 1st period - Minor Penalty to Austin Watson for Hooking.
6:01 of 1st period - Mikael Backlund wins face-off versus Tomas Kurka in Patriotes zone.
6:26 of 1st period - Tomas Kurka is hit by Kenndal McArdle and loses puck.
7:05 of 1st period - Wrist shot by Mattias Weinhandl.
7:05 of 1st period - Shot Blocked by Branko Radivojevic.
7:19 of 1st period - Icing by Tyler Brenner.
7:20 of 1st period - Melker Karlsson wins face-off versus Tyler Brenner in Atomiques zone.
7:21 of 1st period - Snap shot by Fedor Fedorov.
7:21 of 1st period - Shot Misses the Net.
7:39 of 1st period - Mikael Backlund is hit by Mattias Weinhandl and loses puck.
8:00 of 1st period - Penalty to Austin Watson is over, Austin Watson is back on ice.
9:18 of 1st period - Off-side.
9:19 of 1st period - Melker Karlsson wins face-off versus Marc-André Cliche in neutral zone.
9:22 of 1st period - Snap shot by Matt Calvert.
9:22 of 1st period - Stopped by Sergei Bobrovsky with a rebound.
9:24 of 1st period - Slapshot by Ryan Wilson.
9:24 of 1st period - Shot Misses the Net.
9:26 of 1st period - Snap shot by Matt Calvert.
9:26 of 1st period - Stopped by Sergei Bobrovsky with a rebound.
9:28 of 1st period - Wrist shot by Melker Karlsson.
9:28 of 1st period - Stopped by Sergei Bobrovsky with a rebound.
9:30 of 1st period - Wrist shot by Melker Karlsson.
9:30 of 1st period - Shot Misses the Net.
9:32 of 1st period - Snap shot by Melker Karlsson.
9:32 of 1st period - Stopped by Sergei Bobrovsky with a rebound.
9:47 of 1st period - Snap shot by Barry Tallackson.
9:47 of 1st period - Stopped by Sergei Bobrovsky without a rebound.
9:48 of 1st period - Christian Hanson wins face-off versus Mikael Backlund in Atomiques zone.
10:18 of 1st period - Wrist shot by Kenndal McArdle.
10:18 of 1st period - Goal by Kenndal McArdle - Atomiques : 1 - Patriotes : 0.
10:19 of 1st period - Mikael Backlund wins face-off versus Barry Tallackson in neutral zone.
10:53 of 1st period - Barry Tallackson is hit by Davis Drewiske and loses puck.
11:12 of 1st period - Snap shot by Ryan Shannon.
11:12 of 1st period - Shot Blocked by Mike Funk.
11:49 of 1st period - Slapshot by Ryan Wilson.
11:49 of 1st period - Stopped by Sergei Bobrovsky with a rebound.
11:51 of 1st period - Snap shot by Zach Budish.
11:51 of 1st period - Shot Misses the Net.
11:53 of 1st period - Slapshot by Ryan Wilson.
11:53 of 1st period - Shot Misses the Net.
11:55 of 1st period - Snap shot by Ryan Wilson.
11:55 of 1st period - Shot Misses the Net.
12:48 of 1st period - Snap shot by Mikael Backlund.
12:48 of 1st period - Shot Misses the Net.
12:50 of 1st period - Wrist shot by Mikael Backlund.
12:50 of 1st period - Shot Misses the Net.
12:52 of 1st period - Slapshot by Shawn Belle.
12:52 of 1st period - Shot Misses the Net.
12:54 of 1st period - Wrist shot by Mikael Backlund.
12:54 of 1st period - Deflect By Lauri Tukonen.
12:54 of 1st period - Stopped by Marek Schwarz with a rebound.
13:13 of 1st period - Wrist shot by Matt Calvert.
13:13 of 1st period - Stopped by Sergei Bobrovsky without a rebound.
13:14 of 1st period - Mikael Backlund wins face-off versus Christian Hanson in Atomiques zone.
13:14 of 1st period - Mikael Backlund is hit by Jordie Benn.
13:39 of 1st period - Tyler Brenner is hit by Zenon Konopka and loses puck.
13:46 of 1st period - Snap shot by Mattias Weinhandl.
13:46 of 1st period - Stopped by Sergei Bobrovsky without a rebound.
13:47 of 1st period - Christian Hanson wins face-off versus Tyler Brenner in Atomiques zone.
13:54 of 1st period - Snap shot by Tomas Kurka.
13:54 of 1st period - Stopped by Sergei Bobrovsky with a rebound.
13:56 of 1st period - Wrist shot by Tomas Kurka.
13:56 of 1st period - Stopped by Sergei Bobrovsky without a rebound.
13:57 of 1st period - Christian Hanson wins face-off versus Tyler Brenner in Atomiques zone.
14:03 of 1st period - Minor Penalty to Davis Drewiske for Roughing.
14:04 of 1st period - Branko Radivojevic wins face-off versus Christian Hanson in Atomiques zone.
15:36 of 1st period - Zenon Konopka is hit by Dmitri Orlov and loses puck.
16:03 of 1st period - Penalty to Davis Drewiske is over, Davis Drewiske is back on ice.
16:33 of 1st period - Snap shot by Alex Berry.
16:33 of 1st period - Goal by Alex Berry - Atomiques : 2 - Patriotes : 0.
16:34 of 1st period - Mikael Backlund wins face-off versus Zenon Konopka in neutral zone.
16:39 of 1st period - Wrist shot by Dwight King.
16:39 of 1st period - Stopped by Marek Schwarz without a rebound.
16:40 of 1st period - Zenon Konopka wins face-off versus Mikael Backlund in Patriotes zone.
17:20 of 1st period - Minor Penalty to Tomas Kurka for Holding.
17:21 of 1st period - Mikael Backlund wins face-off versus Melker Karlsson in Patriotes zone.
17:55 of 1st period - Wrist shot by Tyler Brenner.
17:55 of 1st period - Shot Misses the Net.
17:57 of 1st period - Slapshot by Davis Drewiske.
17:57 of 1st period - Stopped by Marek Schwarz with a rebound.
18:44 of 1st period - Icing by Dwight King.
18:45 of 1st period - Christian Hanson wins face-off versus Mikael Backlund in Atomiques zone.
19:20 of 1st period - Penalty to Tomas Kurka is over, Tomas Kurka is back on ice.
Goals for this period are 2 for Atomiques vs 0 for Patriotes.
Shots for this period are 10 for Atomiques vs 11 for Patriotes.
2nd period
0:01 of 2nd period - Mikael Backlund wins face-off versus Zenon Konopka in neutral zone.
0:08 of 2nd period - Wrist shot by Branko Radivojevic.
0:08 of 2nd period - Stopped by Marek Schwarz without a rebound.
0:09 of 2nd period - Mikael Backlund wins face-off versus Zenon Konopka in Patriotes zone.
0:18 of 2nd period - Snap shot by Mikael Backlund.
0:18 of 2nd period - Shot Blocked by Ryan Wilson.
0:54 of 2nd period - Wrist shot by Mattias Weinhandl.
0:54 of 2nd period - Goal by Mattias Weinhandl - Atomiques : 2 - Patriotes : 1.
0:55 of 2nd period - Tyler Brenner wins face-off versus Christian Hanson in neutral zone.
1:00 of 2nd period - Wrist shot by Tyler Brenner.
1:00 of 2nd period - Stopped by Marek Schwarz with a rebound.
1:02 of 2nd period - Wrist shot by Tyler Brenner.
1:02 of 2nd period - Stopped by Marek Schwarz without a rebound.
1:03 of 2nd period - Christian Hanson wins face-off versus Tyler Brenner in Patriotes zone.
1:16 of 2nd period - Slapshot by Tyler Brenner.
1:16 of 2nd period - Shot Misses the Net.
1:18 of 2nd period - Wrist shot by Ryan Shannon.
1:18 of 2nd period - Shot Hit the Post.
1:54 of 2nd period - Shawn Belle is hit by Matt Calvert and loses puck.
2:14 of 2nd period - Icing by Kenndal McArdle.
2:15 of 2nd period - Tyler Brenner wins face-off versus Zach Budish in Atomiques zone.
3:03 of 2nd period - Off-side.
3:04 of 2nd period - Christian Hanson wins face-off versus Mikael Backlund in neutral zone.
3:09 of 2nd period - Snap shot by Mikael Backlund.
3:09 of 2nd period - Deflect By Dwight King.
3:09 of 2nd period - Goal by Dwight King - Atomiques : 3 - Patriotes : 1.
3:10 of 2nd period - Mikael Backlund wins face-off versus Christian Hanson in neutral zone.
3:15 of 2nd period - Wrist shot by Tomas Kurka.
3:15 of 2nd period - Shot Misses the Net.
3:17 of 2nd period - Slapshot by Jordie Benn.
3:17 of 2nd period - Stopped by Sergei Bobrovsky without a rebound.
3:18 of 2nd period - Christian Hanson wins face-off versus Mikael Backlund in Atomiques zone.
3:32 of 2nd period - Minor Penalty to Dwight King for Boarding.
3:33 of 2nd period - Christian Hanson wins face-off versus Branko Radivojevic in Atomiques zone.
3:33 of 2nd period - Backhand shot by Tomas Kurka.
3:33 of 2nd period - Goal by Tomas Kurka - Atomiques : 3 - Patriotes : 2.
3:34 of 2nd period - Mikael Backlund wins face-off versus Christian Hanson in neutral zone.
4:08 of 2nd period - Mattias Weinhandl is hit by Tyler Brenner.
5:23 of 2nd period - Snap shot by Zenon Konopka.
5:23 of 2nd period - Goal by Zenon Konopka - Atomiques : 3 - Patriotes : 3.
5:24 of 2nd period - Christian Hanson wins face-off versus Mikael Backlund in neutral zone.
5:37 of 2nd period - Wrist shot by Tomas Kurka.
5:37 of 2nd period - Deflect By Mikael Backlund.
5:37 of 2nd period - Goal by Tomas Kurka - Atomiques : 3 - Patriotes : 4.
5:38 of 2nd period - Mikael Backlund wins face-off versus Christian Hanson in neutral zone.
6:25 of 2nd period - Alex Berry is hit by Ryan Wilson and loses puck.
6:36 of 2nd period - Snap shot by Matt Calvert.
6:36 of 2nd period - Stopped by Sergei Bobrovsky with a rebound.
8:09 of 2nd period - Icing by Alex Berry.
8:10 of 2nd period - Christian Hanson wins face-off versus Marc-André Cliche in Atomiques zone.
8:18 of 2nd period - Off-side.
8:19 of 2nd period - Branko Radivojevic wins face-off versus Christian Hanson in neutral zone.
9:06 of 2nd period - Snap shot by Tomas Kurka.
9:06 of 2nd period - Stopped by Sergei Bobrovsky without a rebound.
9:07 of 2nd period - Zenon Konopka wins face-off versus Mikael Backlund in Atomiques zone.
9:16 of 2nd period - Slapshot by Zenon Konopka.
9:16 of 2nd period - Shot Misses the Net.
9:18 of 2nd period - Slapshot by Fedor Fedorov.
9:18 of 2nd period - Shot Blocked by Branko Radivojevic.
9:42 of 2nd period - Slapshot by Roman Polak.
9:42 of 2nd period - Shot Blocked by Anthony Bitetto.
9:44 of 2nd period - Snap shot by Roman Polak.
9:44 of 2nd period - Stopped by Marek Schwarz without a rebound.
9:45 of 2nd period - Tyler Brenner wins face-off versus Zenon Konopka in Patriotes zone.
9:49 of 2nd period - Minor Penalty to Mattias Weinhandl for Hooking.
9:50 of 2nd period - Tomas Kurka wins face-off versus Mikael Backlund in Patriotes zone.
10:26 of 2nd period - Snap shot by Ryan Shannon.
10:26 of 2nd period - Shot Blocked by Anthony Bitetto.
10:28 of 2nd period - Slapshot by Shawn Belle.
10:28 of 2nd period - Goal by Shawn Belle - Atomiques : 4 - Patriotes : 4.
10:29 of 2nd period - Mikael Backlund wins face-off versus Christian Hanson in neutral zone.
10:40 of 2nd period - Snap shot by Barry Tallackson.
10:40 of 2nd period - Shot Misses the Net.
10:42 of 2nd period - Wrist shot by Christian Hanson.
10:42 of 2nd period - Stopped by Sergei Bobrovsky with a rebound.
10:44 of 2nd period - Snap shot by Tomas Kurka.
10:44 of 2nd period - Stopped by Sergei Bobrovsky without a rebound.
10:45 of 2nd period - Zenon Konopka wins face-off versus Tyler Brenner in Atomiques zone.
10:48 of 2nd period - Wrist shot by Zenon Konopka.
10:48 of 2nd period - Stopped by Sergei Bobrovsky without a rebound.
10:49 of 2nd period - Zenon Konopka wins face-off versus Tyler Brenner in Atomiques zone.
11:02 of 2nd period - Slapshot by Fedor Fedorov.
11:02 of 2nd period - Stopped by Sergei Bobrovsky without a rebound.
11:03 of 2nd period - Mikael Backlund wins face-off versus Christian Hanson in Atomiques zone.
11:08 of 2nd period - Branko Radivojevic is hit by Barry Tallackson and loses puck.
11:29 of 2nd period - Ryan Shannon is hit by Mattias Weinhandl and loses puck.
11:48 of 2nd period - Wrist shot by Andrew Kozek.
11:48 of 2nd period - Shot Misses the Net.
11:50 of 2nd period - Slapshot by Andrew Kozek.
11:50 of 2nd period - Deflect By Marc-André Cliche.
11:50 of 2nd period - Shot Misses the Net.
11:50 of 2nd period - Puck is out of play.
11:51 of 2nd period - Marc-André Cliche wins face-off versus Melker Karlsson in Patriotes zone.
12:12 of 2nd period - Tomas Kurka is hit by Marc-André Cliche.
12:34 of 2nd period - Wrist shot by Zach Budish.
12:34 of 2nd period - Shot Misses the Net.
12:36 of 2nd period - Snap shot by Jared Knight.
12:36 of 2nd period - Stopped by Sergei Bobrovsky with a rebound.
12:40 of 2nd period - Wrist shot by Jared Knight.
12:40 of 2nd period - Shot Misses the Net.
13:04 of 2nd period - Snap shot by Branko Radivojevic.
13:04 of 2nd period - Shot Blocked by Mattias Weinhandl.
13:06 of 2nd period - Snap shot by Mikael Backlund.
13:06 of 2nd period - Shot Misses the Net.
13:16 of 2nd period - Davis Drewiske is hit by Stephen Johns and loses puck.
13:27 of 2nd period - Snap shot by Melker Karlsson.
13:27 of 2nd period - Deflect By Matt Calvert.
13:27 of 2nd period - Stopped by Sergei Bobrovsky without a rebound.
13:28 of 2nd period - Mikael Backlund wins face-off versus Christian Hanson in Atomiques zone.
13:28 of 2nd period - Mikael Backlund is hit by Tomas Kurka.
14:34 of 2nd period - Dmitri Orlov is hit by Barry Tallackson and loses puck.
14:41 of 2nd period - Snap shot by Tomas Kurka.
14:41 of 2nd period - Shot Blocked by Dmitri Orlov.
14:51 of 2nd period - Brett Sutter is hit by Zach Budish and loses puck.
15:08 of 2nd period - Slapshot by John McCarthy.
15:08 of 2nd period - Deflect By Bobby Farnham.
15:08 of 2nd period - Shot Misses the Net.
15:08 of 2nd period - Puck is out of play.
15:09 of 2nd period - Mikael Backlund wins face-off versus Zenon Konopka in Patriotes zone.
15:14 of 2nd period - Wrist shot by Dwight King.
15:14 of 2nd period - Stopped by Marek Schwarz without a rebound.
15:15 of 2nd period - Mikael Backlund wins face-off versus Christian Hanson in Patriotes zone.
15:18 of 2nd period - Snap shot by Mikael Backlund.
15:18 of 2nd period - Stopped by Marek Schwarz with a rebound.
15:28 of 2nd period - Snap shot by Branko Radivojevic.
15:28 of 2nd period - Stopped by Marek Schwarz without a rebound.
15:29 of 2nd period - Zenon Konopka wins face-off versus Mikael Backlund in Patriotes zone.
15:39 of 2nd period - Snap shot by Mattias Weinhandl.
15:39 of 2nd period - Stopped by Sergei Bobrovsky without a rebound.
15:40 of 2nd period - Christian Hanson wins face-off versus Mikael Backlund in Atomiques zone.
16:05 of 2nd period - Tyler Brenner is hit by Fedor Fedorov and loses puck.
16:24 of 2nd period - Wrist shot by Marc-André Cliche.
16:24 of 2nd period - Deflect By Alex Berry.
16:24 of 2nd period - Stopped by Marek Schwarz with a rebound.
16:34 of 2nd period - Wrist shot by Marc-André Cliche.
16:34 of 2nd period - Shot Misses the Net.
16:54 of 2nd period - Jordie Benn is hit by Bobby Farnham and loses puck.
17:17 of 2nd period - Snap shot by Barry Tallackson.
17:17 of 2nd period - Stopped by Sergei Bobrovsky with a rebound.
17:25 of 2nd period - Minor Penalty to Dwight King for Tripping.
17:26 of 2nd period - Christian Hanson wins face-off versus Branko Radivojevic in Atomiques zone.
17:27 of 2nd period - Snap shot by Barry Tallackson.
17:27 of 2nd period - Shot Misses the Net.
17:43 of 2nd period - Davis Drewiske is hit by Anthony Bitetto and loses puck.
19:25 of 2nd period - Penalty to Dwight King is over, Dwight King is back on ice.
19:39 of 2nd period - Snap shot by Branko Radivojevic.
19:39 of 2nd period - Goal by Branko Radivojevic - Atomiques : 5 - Patriotes : 4.
19:40 of 2nd period - Melker Karlsson wins face-off versus Ryan Shannon in neutral zone.
Goals for this period are 3 for Atomiques vs 4 for Patriotes.
Shots for this period are 11 for Atomiques vs 15 for Patriotes.
3rd period
0:01 of 3rd period - Christian Hanson wins face-off versus Mikael Backlund in neutral zone.
1:33 of 3rd period - Snap shot by Ryan Wilson.
1:33 of 3rd period - Shot Blocked by Andrew Kozek.
1:59 of 3rd period - Minor Penalty to Fedor Fedorov for High sticking.
2:00 of 3rd period - Branko Radivojevic wins face-off versus Barry Tallackson in Patriotes zone.
2:15 of 3rd period - Wrist shot by Mikael Backlund.
2:15 of 3rd period - Shot Misses the Net.
3:02 of 3rd period - Snap shot by Mattias Weinhandl.
3:02 of 3rd period - Stopped by Sergei Bobrovsky with a rebound.
3:32 of 3rd period - Snap shot by Barry Tallackson.
3:32 of 3rd period - Goal by Barry Tallackson - Atomiques : 5 - Patriotes : 5.
3:33 of 3rd period - Tomas Kurka wins face-off versus Tyler Brenner in neutral zone.
3:59 of 3rd period - Penalty to Fedor Fedorov is over, Fedor Fedorov is back on ice.
4:15 of 3rd period - Icing by Mike Funk.
4:16 of 3rd period - Tomas Kurka wins face-off versus Marc-André Cliche in Patriotes zone.
4:21 of 3rd period - Slapshot by Anthony Bitetto.
4:21 of 3rd period - Stopped by Sergei Bobrovsky without a rebound.
4:22 of 3rd period - Marc-André Cliche wins face-off versus Melker Karlsson in Atomiques zone.
4:29 of 3rd period - Matt Calvert is hit by Alex Berry and loses puck.
4:36 of 3rd period - Snap shot by Andrew Kozek.
4:36 of 3rd period - Stopped by Marek Schwarz with a rebound.
4:38 of 3rd period - Snap shot by Andrew Kozek.
4:38 of 3rd period - Stopped by Marek Schwarz with a rebound.
4:40 of 3rd period - Slapshot by Roman Polak.
4:40 of 3rd period - Stopped by Marek Schwarz without a rebound.
4:41 of 3rd period - Branko Radivojevic wins face-off versus Christian Hanson in Patriotes zone.
4:44 of 3rd period - Backhand shot by Branko Radivojevic.
4:44 of 3rd period - Shot Misses the Net.
5:08 of 3rd period - Shawn Belle is hit by Mattias Weinhandl and loses puck.
5:20 of 3rd period - Minor Penalty to Anthony Bitetto for Slashing.
5:21 of 3rd period - Tomas Kurka wins face-off versus Branko Radivojevic in Patriotes zone.
5:47 of 3rd period - Tomas Kurka is hit by Ryan Shannon and loses puck.
5:52 of 3rd period - Backhand shot by Tyler Brenner.
5:52 of 3rd period - Shot Misses the Net.
5:54 of 3rd period - Slapshot by Ryan Shannon.
5:54 of 3rd period - Stopped by Marek Schwarz with a rebound.
5:56 of 3rd period - Snap shot by Kyle Wharton.
5:56 of 3rd period - Shot Blocked by Jordie Benn.
7:20 of 3rd period - Penalty to Anthony Bitetto is over, Anthony Bitetto is back on ice.
7:35 of 3rd period - Icing by Brett Sutter.
7:36 of 3rd period - Brett Sutter wins face-off versus Jared Knight in Atomiques zone.
7:53 of 3rd period - Slapshot by John McCarthy.
7:53 of 3rd period - Stopped by Marek Schwarz with a rebound.
7:55 of 3rd period - Slapshot by Bobby Farnham.
7:55 of 3rd period - Stopped by Marek Schwarz with a rebound.
7:57 of 3rd period - Snap shot by Eric Mestery.
7:57 of 3rd period - Stopped by Marek Schwarz with a rebound.
7:59 of 3rd period - Slapshot by Eric Mestery.
7:59 of 3rd period - Goal by Eric Mestery - Atomiques : 6 - Patriotes : 5.
8:00 of 3rd period - Mikael Backlund wins face-off versus Christian Hanson in neutral zone.
8:09 of 3rd period - Slapshot by Branko Radivojevic.
8:09 of 3rd period - Shot Misses the Net.
8:55 of 3rd period - Snap shot by Lauri Tukonen.
8:55 of 3rd period - Shot Misses the Net.
8:57 of 3rd period - Wrist shot by Matt Calvert.
8:57 of 3rd period - Shot Misses the Net.
8:59 of 3rd period - Slapshot by Lauri Tukonen.
8:59 of 3rd period - Stopped by Sergei Bobrovsky without a rebound.
9:00 of 3rd period - Tyler Brenner wins face-off versus Barry Tallackson in Atomiques zone.
9:11 of 3rd period - Wrist shot by Ryan Shannon.
9:11 of 3rd period - Stopped by Marek Schwarz with a rebound.
9:44 of 3rd period - Icing by Shawn Belle.
9:45 of 3rd period - Zenon Konopka wins face-off versus Tyler Brenner in Atomiques zone.
9:52 of 3rd period - Slapshot by Barry Tallackson.
9:52 of 3rd period - Shot Misses the Net.
9:54 of 3rd period - Slapshot by Tomas Kurka.
9:54 of 3rd period - Stopped by Sergei Bobrovsky without a rebound.
9:55 of 3rd period - Christian Hanson wins face-off versus Mikael Backlund in Atomiques zone.
9:58 of 3rd period - Snap shot by Christian Hanson.
9:58 of 3rd period - Stopped by Sergei Bobrovsky without a rebound.
9:59 of 3rd period - Mikael Backlund wins face-off versus Christian Hanson in Atomiques zone.
10:01 of 3rd period - Icing by Dwight King.
10:02 of 3rd period - Christian Hanson wins face-off versus Mikael Backlund in Atomiques zone.
10:17 of 3rd period - Snap shot by Barry Tallackson.
10:17 of 3rd period - Shot Misses the Net.
10:53 of 3rd period - Snap shot by Alex Berry.
10:53 of 3rd period - Stopped by Marek Schwarz without a rebound.
10:54 of 3rd period - Christian Hanson wins face-off versus Marc-André Cliche in Patriotes zone.
10:59 of 3rd period - Slapshot by Mike Funk.
10:59 of 3rd period - Shot Misses the Net.
11:25 of 3rd period - Backhand shot by Branko Radivojevic.
11:25 of 3rd period - Shot Misses the Net.
12:25 of 3rd period - Snap shot by Zenon Konopka.
12:25 of 3rd period - Shot Misses the Net.
13:14 of 3rd period - Slapshot by Christian Hanson.
13:14 of 3rd period - Stopped by Sergei Bobrovsky without a rebound.
13:15 of 3rd period - Zenon Konopka wins face-off versus Branko Radivojevic in Atomiques zone.
14:38 of 3rd period - Fedor Fedorov is hit by Ryan Shannon and loses puck.
14:47 of 3rd period - Alex Berry is hit by Mattias Weinhandl and loses puck.
15:38 of 3rd period - Wrist shot by Melker Karlsson.
15:38 of 3rd period - Stopped by Sergei Bobrovsky without a rebound.
15:39 of 3rd period - Christian Hanson wins face-off versus Branko Radivojevic in Atomiques zone.
15:52 of 3rd period - Wrist shot by Barry Tallackson.
15:52 of 3rd period - Stopped by Sergei Bobrovsky without a rebound.
15:53 of 3rd period - Melker Karlsson wins face-off versus Marc-André Cliche in Atomiques zone.
15:56 of 3rd period - Wrist shot by Lauri Tukonen.
15:56 of 3rd period - Goal by Lauri Tukonen - Atomiques : 6 - Patriotes : 6.
15:57 of 3rd period - Marc-André Cliche wins face-off versus Melker Karlsson in neutral zone.
16:43 of 3rd period - Snap shot by Fedor Fedorov.
16:43 of 3rd period - Goal by Fedor Fedorov - Atomiques : 6 - Patriotes : 7.
16:44 of 3rd period - Melker Karlsson wins face-off versus Marc-André Cliche in neutral zone.
17:37 of 3rd period - Jordie Benn is hit by Shawn Belle and loses puck.
17:48 of 3rd period - Wrist shot by Mattias Weinhandl.
17:48 of 3rd period - Stopped by Sergei Bobrovsky without a rebound.
17:49 of 3rd period - Lauri Tukonen wins face-off versus Mikael Backlund in Atomiques zone.
18:14 of 3rd period - Anthony Bitetto is hit by Roman Polak and loses puck.
18:25 of 3rd period - Slapshot by Kenndal McArdle.
18:25 of 3rd period - Shot Misses the Net.
18:53 of 3rd period - Atomiques, Sergei Bobrovsky is pulled from the net.
19:25 of 3rd period - Mikael Backlund is hit by Mattias Weinhandl and loses puck.
19:46 of 3rd period - Snap shot by Zenon Konopka.
19:46 of 3rd period - Goal by Zenon Konopka - Atomiques : 6 - Patriotes : 8.
19:46 of 3rd period - Sergei Bobrovsky from Atomiques was sent back in the game.
19:47 of 3rd period - Lauri Tukonen wins face-off versus Marc-André Cliche in neutral zone.
19:49 of 3rd period - Jordie Benn is hit by Kyle Wharton and loses puck.
Goals for this period are 1 for Atomiques vs 4 for Patriotes.
Shots for this period are 10 for Atomiques vs 13 for Patriotes.
Back to the Top